 Seeded DCSS version 0.30-a0-121-gb27577e5d9 (webtiles) character file.

Game seed: 8271132118321996267 (custom seed)

7736 NinjaNoafa the Reanimator (level 11, -7/79 (84) HPs)
             Began as a Palentonga Monk on Sept 14, 2022.
             Was a High Priest of Sif Muna.
             Mangled by a boulder beetle (36 damage)
             ... on level 10 of the Dungeon.
             The game lasted 00:32:46 (10736 turns).

NinjaNoafa the Reanimator (Palentonga Monk)        Turns: 10736, Time: 00:32:47

HP:   -7/79 (84)    AC: 19    Str: 16    XL:     11   Next: 0%
MP:   17/18         EV: 13    Int: 15    God:    Sif Muna [*****.]
Gold: 1323          SH:  0    Dex: 13    Spells: 14/20 levels left

rFire   + . .      SeeInvis +    E - +3 dagger (spect)
rCold   . . .      Faith    .    (no shield)
rNeg    + . .      Spirit   .    B - +2 robe {rF+}
rPois   +          Reflect  .    (no helmet)
rElec   .          Harm     .    (no cloak)
rCorr   .          Rampage  .    j - +0 pair of gloves
Will    +....                    x - +0 barding
Stlth   ++........               F - macabre finger necklace {rN+}
HPRegen 0.23/turn                D - ring of poison resistance
MPRegen 0.16/turn                n - +4 ring of evasion
                                 i - ring of willpower

@: studying Short Blades, drained, curled up
A: large, rugged brown scales 3, see invisible, deformed body, roll 1, armoured
tail, reflexive curl, passive freeze, MP-powered wands
a: Rolling Charge, Renounce Religion, Channel Magic, Forget Spell, Divine
Exegesis


You were on level 10 of the Dungeon.
You worshipped Sif Muna.
Sif Muna was extremely pleased with you.
You visited 2 branches of the dungeon, and saw 11 of its levels.

You collected 1576 gold pieces.
You spent 253 gold pieces at shops.

Inventory:

Hand Weapons
 E - a +3 spectral dagger (weapon)
 K - a +5 vorpal sling
Missiles
 b - 52 poisoned darts (quivered)
 f - 125 stones
 r - a silver boomerang
 v - a boomerang
 I - a throwing net
Armour
 j - a +0 pair of gloves (worn)
 x - a +0 barding (worn)
 B - a +2 robe of fire resistance (worn)
 H - a +2 robe of cold resistance
Jewellery
 i - a ring of willpower (on amulet)
 k - a ring of flight
 n - a +4 ring of evasion (right hand)
 A - a ring of ice
 D - a ring of poison resistance (left hand)
 F - the macabre finger necklace (around neck) {rN+}
   (You found it on level 6 of the Dungeon)

   [amulet of nothing]

   It enables you to equip an extra ring.
   rN:        It protects you from negative energy.
Wands
 a - a wand of quicksilver (9)
 J - a wand of flame (20)
Scrolls
 d - a scroll of amnesia
 e - 5 scrolls of teleportation
 g - 2 scrolls of summoning
 o - 4 scrolls of immolation
 q - a scroll of magic mapping
 w - a scroll of fear
 y - 2 scrolls of fog
 C - 2 scrolls of noise
Potions
 c - a potion of ambrosia
 h - 15 potions of degeneration
 l - 3 potions of flight
 m - a potion of attraction
 p - 2 potions of might
 s - 3 potions of resistance
 t - 5 potions of curing
 u - a potion of lignification
 z - a potion of brilliance


   Skills:
 - Level 5.0 Fighting
 - Level 7.0 Short Blades
 - Level 3.5 Axes
 + Level 4.2 Armour
 + Level 4.2 Dodging
 + Level 2.9 Stealth
 - Level 5.0 Spellcasting
 - Level 9.0 Necromancy
 - Level 2.0 Air Magic
 - Level 2.0 Poison Magic
 - Level 7.0 Invocations
 + Level 3.3 Evocations


You had 14 spell levels left.
You knew the following spells:

 Your Spells              Type           Power      Damage    Failure   Level
a - Necrotise             Necr           100%       1d9       1%          1
b - Vampiric Draining     Necr           30%        2d8       1%          3
c - Cigotuvi's Dreadful   Necr/Pois/Air  32%        N/A       4%          2

Your spell library contained the following spells:

 Spells                   Type           Power      Damage    Failure   Level
 Poisonous Vapours        Pois/Air       18%        N/A       11%         2
 Agony                    Necr           30%        N/A       11%         5
 Magic Dart               Conj           12%        1d3       16%         1
 Call Imp                 Summ           3%         N/A       24%         2
 Mephitic Cloud           Conj/Pois/Air  7%         N/A       28%         3
 Tukima's Dance           Hex            3%         N/A       43%         3
 Passage of Golubria      Tloc           3%         N/A       85%         4
 Yara's Violent Unravell  Hex/Tmut       1%         3d3       99%         5


Dungeon Overview and Level Annotations

Branches:
Dungeon (10/15)            Temple (1/1) D:7            Lair (0/5) D:9
    Orc: D:9-12

Altars:
Ashenzari
Dithmenos
Fedhas
Gozag
Kikubaaqudgha
Makhleb
Nemelex Xobeh
Okawaru
Ru
Sif Muna
Trog
Uskayaw
Vehumet
Wu Jian
Xom
Yredelemnul
Zin
The Shining One

Shops:
D:6 *


Innate Abilities, Weirdness & Mutations

You are completely covered in rugged brown scales. (AC +3, +7% HP)
You have supernaturally acute eyesight. (SInv)
Armour fits poorly on your strangely shaped body.
You can roll at nearby foes to attack.
You have a long armoured tail.
You curl defensively after being hit. (AC +7*)
A frigid envelope surrounds you and freezes all who hurt you.
You expend magic power (3 MP) to strengthen your wands.


Message History

The yak is very cold.
The yak is almost dead.
The yak barely misses you.
You hit the yak.
Your tail-slap misses the yak.
The yak is almost dead.
Your +3 spectral dagger barely misses the yak.
The yak completely misses you.
The boulder beetle bites your +3 spectral dagger!!
Your spectral weapon shares its damage with you!
The yak gores you but does no damage.
The yak is very cold.
You kill the yak!
Sif Muna accepts your kill. The yak gores you.
The yak is very cold.
You kill the yak!
Sif Muna accepts your kill.
You have reached level 11!
Casting: Necrotise (safe; 1% risk of failure)
Confirm with . or Enter, or press ? or * to list all spells.
Aiming: Necrotise (safe; 1% risk of failure)
Press: ? - help, Shift-Dir - straight line, f - boulder beetle
Aim: a boulder beetle (chance to affect: 70%)
The boulder beetle writhes in agony.
Casting: Necrotise (safe; 1% risk of failure)
Confirm with . or Enter, or press ? or * to list all spells.
Aiming: Vampiric Draining (safe; 1% risk of failure)
Press: ? - help, Shift-Dir - straight line, f/p - boulder beetle
Aim: a boulder beetle (lightly wounded)
You draw life force from the boulder beetle!
You feel life coursing into your body. The boulder beetle bites you!!
* * * LOW HITPOINT WARNING * * *
The boulder beetle is very cold.
The boulder beetle is moderately wounded.
You are confused.
You feel invigorated. The boulder beetle barely misses you.
Unknown command.
The boulder beetle curls into a ball and begins rolling!
You feel less invigorated.
You feel less confused. The boulder beetle hits you!!!
You die...

#. #†..)[..#...# #...
#...........### #...#
##..............
.....###.......<..#...
..?....................
..8...........#+#.#....
.......†......# ......
.....###†.....# #.##.
#...# ##B@...# ... #..?
#.....# ### #. #.....#
. #####.# .# .# #


You could see a boulder beetle (rolling).

Vanquished Creatures
  Fannar (D:10)
  The ghost of IdlyInterested the Fighter, a novice DsWn (D:6)
  Joseph (D:7)
  A hornet (D:8)
  2 wyverns
  6 yaks
  A steam dragon (D:8)
  An acid dragon (D:8)
  3 water moccasins
  2 sky beasts
  An orc warrior (D:8)
  An ice beast (D:7)
  3 black bears
  3 ogres (D:5)
  A centaur (D:9)
  A phantom (D:4)
  2 kobold brigands (D:9)
  A necrophage (D:7)
  6 bullfrogs
  A gnoll sergeant (D:7)
  3 scorpions
  9 wights
  11 killer bees
  3 howler monkeys
  5 hounds
  3 jellies
  3 orc priests
  A gnoll bouda (D:7)
  5 iguanas
  7 orc wizards
  4 gnolls
  12 adders
  2 shadow imps
  A white imp (D:6)
  An ufetubus (D:4)
  A worm (D:2)
  2 dart slugs
  26 orcs
  4 endoplasms
  3 giant cockroaches
  6 hobgoblins (D:1)
  6 jackals
  7 quokkas
  6 ball pythons
  5 bats
  4 frilled lizards
  8 goblins
  15 kobolds
  4 rats
206 creatures vanquished.

Vanquished Creatures (collateral kills)
  4 yaks (D:10)
4 creatures vanquished.

Vanquished Creatures (others)
  4 plants (D:1)
4 creatures vanquished.

Grand Total: 214 creatures vanquished

Notes
Turn   | Place    | Note
-------+----------+-------------------------------------------
     0 | D:1      | NinjaNoafa the Palentonga Monk began the quest for the Orb.
     0 | D:1      | Reached XP level 1. HP: 19/19 MP: 1/1
    47 | D:1      | Found a faded altar of an unknown god.
    54 | D:1      | Prayed at the altar of an unknown god.
    54 | D:1      | Became a worshipper of Sif Muna the Loreminder
    54 | D:1      | Reached * piety under Sif Muna
    54 | D:1      | Reached ** piety under Sif Muna
   251 | D:1      | Identified a scroll of acquirement
   252 | D:1      | Acquired 1069 gold pieces
   732 | D:1      | Reached XP level 2. HP: 25/25 MP: 2/2
   898 | D:1      | Reached *** piety under Sif Muna
   990 | D:1      | Reached skill level 1 in Necromancy
   991 | D:1      | Reached skill level 1 in Spellcasting
  1242 | D:1      | Reached XP level 3. HP: 27/31 MP: 4/4
  1641 | D:2      | Found a shimmering altar of Xom.
  1667 | D:2      | Learned a level 1 spell: Necrotise
  2334 | D:3      | Reached skill level 2 in Necromancy
  2334 | D:3      | Reached XP level 4. HP: 37/37 MP: 5/7
  3034 | D:4      | Reached skill level 3 in Necromancy
  3218 | D:4      | Reached XP level 5. HP: 43/43 MP: 8/8
  3273 | D:4      | Reached skill level 4 in Necromancy
  3281 | D:4      | Reached **** piety under Sif Muna
  3473 | D:4      | Noticed a phantom
  3479 | D:4      | Killed a phantom
  3480 | D:4      | Reached skill level 5 in Necromancy
  3480 | D:4      | Reached skill level 1 in Invocations
  3480 | D:4      | Reached XP level 6. HP: 41/50 MP: 9/9
  4103 | D:5      | Entered Level 5 of the Dungeon
  4153 | D:5      | Gained mutation: You curl defensively after being hit. (AC
                  | +7*) [Palentonga growth]
  4153 | D:5      | Reached XP level 7. HP: 31/55 MP: 10/10
  4448 | D:5      | Reached skill level 5 in Invocations
  5167 | D:5      | Reached skill level 5 in Short Blades
  5355 | D:6      | Found Patillesta's Lightly-Used Armoury.
  5485 | D:6      | Bought a -1 barding for 252 gold pieces
  5494 | D:6      | Bought a -3 quick blade for 1 gold piece
  5554 | D:6      | Reached XP level 8. HP: 62/62 MP: 12/12
  5858 | D:6      | Reached skill level 6 in Necromancy
  6227 | D:6      | Found a runed translucent door.
  6292 | D:6      | Found the macabre finger necklace {rN+}
  6347 | D:6      | Reached skill level 7 in Necromancy
  6353 | D:6      | Noticed IdlyInterested's ghost (novice DsWn)
  6391 | D:6      | Learned a level 3 spell: Vampiric Draining
  6493 | D:6      | Killed IdlyInterested's ghost
  6494 | D:6      | Reached skill level 5 in Fighting
  6494 | D:6      | Reached skill level 1 in Armour
  6494 | D:6      | Reached XP level 9. HP: 60/72 MP: 6/13
  7123 | D:7      | Identified the +6 ring mail of Yjyuvyex {*Slow Fly rN+++
                  | Int-3}
  7166 | D:7      | Gained mutation: You expend magic power (3 MP) to
                  | strengthen your wands. [potion of mutation]
  7166 | D:7      | Gained mutation: A frigid envelope surrounds you and
                  | freezes all who hurt you. [potion of mutation]
  7478 | D:7      | Found a staircase to the Ecumenical Temple.
  7486 | Temple   | Entered the Ecumenical Temple
  7486 | Temple   | Found a transporter.
  7486 | Temple   | Found a transporter.
  7488 | Temple   | Found a transporter.
  7488 | Temple   | Found a transporter.
  7569 | D:7      | Found a broken altar of Ashenzari.
  7571 | D:7      | Found an ornate altar of the Wu Jian Council.
  7830 | D:7      | Noticed Joseph
  7842 | D:7      | Killed Joseph
  7846 | D:7      | Learned a level 2 spell: Cigotuvi's Dreadful Rot
  8474 | D:8      | Reached skill level 8 in Necromancy
  8575 | D:8      | Reached XP level 10. HP: 38/65 MP: 4/16
  8819 | D:8      | Reached ***** piety under Sif Muna
  8842 | D:8      | Reached skill level 9 in Necromancy
  8979 | D:8      | Reached skill level 1 in Poison Magic
  9150 | D:8      | Reached skill level 1 in Evocations
 10344 | D:9      | Found a staircase to the Lair.
 10524 | D:10     | Entered Level 10 of the Dungeon
 10524 | D:10     | Noticed Fannar
 10542 | D:10     | Killed Fannar
 10555 | D:10     | Reached skill level 5 in Spellcasting
 10720 | D:10     | Noticed a boulder beetle
 10732 | D:10     | Reached XP level 11. HP: 29/79 MP: 10/18
 10736 | D:10     | Mangled by a boulder beetle

Illustrated notes

Levels and vault maps discovered:
D:1:      minmay_arrival_radiant_lines, layout_loops_ring,
          ebering_ecumenical_altar_sacrificial, serial_forest,
          infiniplex_forest_clump_small, infiniplex_forest_straight_2,
          infiniplex_forest_lined_2, infiniplex_forest_zigzag_1,
          infiniplex_forest_corner_1, infiniplex_forest_straight_3,
          infiniplex_forest_lined_3, infiniplex_forest_straight_2
D:2:      layout_loops_cross, basic_altar
D:3:      layout_basic, serial_curves, eino_curves_03, eino_curves_03,
          eino_curves_01
D:4:      layout_layer_cave, minmay_manual_mess
D:5:      layout_loops_ring
D:6:      layout_loops_ring, ebering_ghost_sewer_d, st_stairs_11,
          minmay_shop_damaged
D:7:      layout_loops_ring, nicolae_overflow_hidden_temple,
          minmay_temple_entry_wispy, minmay_fractal_squares_diagonal_5,
          uniq_joseph
D:8:      layout_loops_ring, enter_bailey_7, wad_rectangle_vault
D:9:      cheibrodos_iron_armory, layout_basic, lair_entry_dummy
D:10:     minmay_the_grid_plus [minmay_the_grid_tri_star, minmay_the_grid_rooms,
          minmay_the_grid_dragon_b, minmay_the_grid_doors,
          minmay_the_grid_prize_big_room], layout_basic,
          mainiacjoe_overflow_cross_hatched, grunt_ministairs_6,
          grunt_livestock, uniq_fannar
Temple:   hellmonk_temple_divided_pantheon

Skill      XL: |  1  2  3  4  5  6  7  8  9 10 |
---------------+-------------------------------+-----
Necromancy     | 1 2 3 5 7 8 9 |  9.0
Spellcasting   | 1 2 3 4 5 |  5.0
Invocations    | 1 4 5 7 |  7.0
Dodging        | 3 4 |  4.2
Short Blades   | 5 7 |  7.0
Fighting       | 5 |  5.0
Armour         | 1 3 4 |  4.2
Air Magic      | 2 |  2.0
Poison Magic   | 2 |  2.0
Evocations     | 3 |  3.3
Stealth        | 2 |  2.9
Axes           | |  3.5

Action                   |  1- 3 |  4- 6 |  7- 9 | 10-12 || total
-------------------------+-------+-------+-------+-------++-------
Melee: Hand axe          |   113 |    91 |    10 |       ||   214
       Tailslap          |    17 |    16 |    58 |    27 ||   118
       Dagger            |       |       |   279 |   135 ||   414
       Punch             |       |       |     2 |     3 ||     5
 Fire: Sling             |       |       |    17 |       ||    17
 Cast: Necrotise         |       |       |    64 |    31 ||    95
       Vampiric Draining |       |       |    12 |    12 ||    24
       Cigotuvi's Dreadf |       |       |     4 |     4 ||     8
Invok: Channel Magic     |       |       |       |     1 ||     1
 Abil: Rolling Charge    |    34 |    26 |    35 |    14 ||   109
Evoke: Wand              |       |       |     1 |       ||     1
  Use: Scroll            |     2 |     6 |    11 |     5 ||    24
       Potion            |     3 |       |     9 |     2 ||    14
 Stab: Invisible         |       |       |     1 |       ||     1
       Distracted        |       |       |       |     2 ||     2
Armor: Robe              |    48 |    32 |   119 |    69 ||   268
       Skin              |       |       |       |     1 ||     1
Dodge: Dodged            |    43 |    51 |   197 |   103 ||   394

Table legend: (Time is in decaauts)
 A = Elapsed time spent in this place.
 B = Non-inter-level travel time spent in this place.
 C = Inter-level travel time spent in this place.
 D = Time resting spent in this place.
 E = Time spent auto-exploring this place.
 F = Levels seen in this place.
 G = Mean time per level.
                   A        B        C        D        E       F      G
               +--------+--------+--------+--------+--------+-----+--------+
         Total |  10629 |  10183 |    446 |    489 |   8120 |  11 |  966.3 |
       Dungeon |  10595 |  10149 |    446 |    489 |   8115 |  10 | 1059.5 |
        Temple |     33 |     33 |      0 |      0 |      5 |   1 |   33.0 |
               +--------+--------+--------+--------+--------+-----+--------+

Top non-repeatable levels by time:
     D:1: 1656 daAuts
     D:6: 1526 daAuts
     D:7: 1448 daAuts
     D:8: 1285 daAuts
     D:4: 1209 daAuts
     D:5: 922 daAuts
     D:3: 826 daAuts
     D:9: 771 daAuts
     D:2: 743 daAuts
    D:10: 204 daAuts
  Temple: 33 daAuts
